 Dungeon Crawl Stone Soup version 0.20.1-1-g8b1a95d (webtiles) character file.

415207 dvd the Bludgeoner (level 23, 0/183 HPs)
             Began as a Barachi Fighter on Sept 22, 2017.
             Was a High Priest of Cheibriados.
             Slain by Nattefrost's ghost (38 damage)
             ... on level 3 of the Elven Halls on Sept 25, 2017.
             The game lasted 04:35:50 (41983 turns).

dvd the Bludgeoner (Barachi Fighter)               Turns: 41983, Time: 04:35:52

Health: 0/183      AC: 21    Str: 36      XL:     23   Next: 59%
Magic:  35/46      EV: 23    Int: 25 (29) God:    Cheibriados [*****.]
Gold:   5123       SH: 17    Dex: 32 (33) Spells: 4/53 levels left

rFire    + . .     SeeInvis +   a - +9 flail (elec)
rCold    + + .     Gourm    .   h - +0 shield of Seirew {rElec rF- Dex+6}
rNeg     . . .     Faith    .   Z - +5 scale mail of the Invisible Hand {+Inv rPois Str+2 Dex-4}
rPois    +         Spirit   .   o - +1 hat {SInv}
rElec    +         Reflect  .   K - scarf {rC+ rF+}
rCorr    .         Harm     .   L - +1 pair of gloves
MR       +....                  g - +2 pair of boots
Stlth    +++.......             k - amulet of regeneration
Regen    1.8/turn               t - ring "Puasko" {+Blink rF+ Int+2 Dex+3}
MPRegen  0.3/turn               E - +6 ring of slaying

@: very slightly contaminated, regenerating, heavily drained, very slow
A: +LOS, swims, horns 1, talons 1, clever 1, cold resistance 1, deterioration 2,
high mp 1, mutation resistance 1, slowness 1, subdued magic 1, strong legs 2
}: 2/15 runes: barnacled, gossamer
a: Hop, Bend Time, Temporal Distortion, Slouch, Step From Time, Renounce
Religion, Evoke Blink, Evoke Invisibility


You were on level 3 of the Elven Halls.
You worshipped Cheibriados.
Cheibriados was extremely pleased with you.
You were not hungry.

You visited 7 branches of the dungeon, and saw 37 of its levels.
You visited the Abyss 2 times.
You also visited: Labyrinth, Bailey, Ice Cave and Wizlab.

You collected 5528 gold pieces.
You spent 405 gold pieces at shops.

Inventory:

Hand Weapons
 a - a +9 flail of electrocution (weapon)
 b - the +0 war axe "Qeecomm" {drain, rN+ MR+ Dex+4}
   (You found it on level 3 of the Elven Halls)

   A truly terrible weapon, it drains the life of those it strikes.
   It affects your dexterity (+4).
   It protects you from negative energy.
   It affects your resistance to hostile enchantments.
 c - a +2 war axe of electrocution
Missiles
 m - 29 steel javelins (quivered)
 q - 5 silver javelins
Armour
 g - a +2 pair of boots (worn)
 h - the +0 shield of Seirew (worn) {rElec rF- Dex+6}
   (You acquired it on level 3 of the Spider Nest)

   It affects your dexterity (+6).
   It makes you vulnerable to fire.
   It insulates you from electricity.
 l - the +1 scale mail of a Thousand Dances {rF+ rC+ Str+4}
   (You found it on level 1 of the Elven Halls)

   It affects your strength (+4).
   It protects you from fire.
   It protects you from cold.
 o - a +1 hat of see invisible (worn)
 A - the +4 moon troll leather armour {Spirit, Regen++ MP+5}
   (You took it off a moon troll in a wizard's laboratory)

   It affects your magic capacity (+5).
   It increases your rate of regeneration.
 K - a scarf of resistance (worn)
 L - a +1 pair of gloves (worn)
 U - a scarf of cloud immunity
 W - a +3 shield of fire resistance
 Z - the +5 scale mail of the Invisible Hand (worn) {+Inv rPois Str+2 Dex-4}
   (You found it on level 4 of the Shoals)

   It affects your strength (+2).
   It affects your dexterity (-4).
   It protects you from poison.
   It lets you turn invisible.
Jewellery
 k - an amulet of regeneration (around neck)
 t - the ring "Puasko" (left hand) {+Blink rF+ Int+2 Dex+3}
   (You took it off a minotaur in a labyrinth)

   [ring of dexterity]

   It affects your intelligence (+2).
   It affects your dexterity (+3).
   It protects you from fire.
   It lets you blink.
 y - an uncursed ring of resist corrosion
 B - an uncursed ring of poison resistance
 E - a +6 ring of slaying (right hand)
 V - the ring "Cul Nenaxa" {+Inv rN+ Str+6}
   (You found it on level 3 of the Elven Halls)

   [ring of strength]

   It affects your strength (+6).
   It protects you from negative energy.
   It lets you turn invisible.
Wands
 D - a wand of acid (9/15)
 N - a wand of lightning (9/15)
 O - a wand of flame (22/48)
 S - a wand of iceblast (9/15)
 X - a wand of digging (24/24)
Scrolls
 e - 18 scrolls of identify
 i - 3 scrolls of magic mapping
 p - a scroll of blinking
 v - 7 scrolls of recharging
 x - 5 scrolls of amnesia
 z - 2 scrolls of fog
 H - a scroll of fear
 J - 2 scrolls of holy word
 P - 12 scrolls of remove curse
 Q - 3 scrolls of summoning
 Y - 11 scrolls of teleportation
Potions
 d - a potion of flight
 r - 2 potions of cancellation
 w - 2 potions of heal wounds
 F - 9 potions of mutation
 G - a potion of brilliance
 I - 5 potions of ambrosia
 M - 12 potions of curing
Books
 u - a book of Enchantments

   Spells                             Type                      Level
   a - Cause Fear                     Hexes                        4
   b - Yara's Violent Unravelling     Hexes/Transmutation          5
   c - Silence                        Hexes/Air                    5
   d - Deflect Missiles               Charms/Air                   6
   e - Discord                        Hexes                        8
 C - a book of Death

   Spells                             Type                      Level
   a - Corpse Rot                     Necromancy                   2
   b - Sublimation of Blood           Necromancy                   2
   c - Agony                          Necromancy                   5
   d - Dispel Undead                  Necromancy                   5
   e - Excruciating Wounds            Charms/Necromancy            5
   f - Bolt of Draining               Conjuration/Necromancy       5
 R - the Volume of Calling and Feathers
   (You found it on level 3 of the Elven Halls)

   Spells                             Type                      Level
   a - Call Imp                       Summoning                    2
   b - Summon Demon                   Summoning                    5
   c - Conjure Ball Lightning         Conjuration/Air              6
   d - Summon Hydra                   Summoning                    7
 T - a book of Unlife

   Spells                             Type                      Level
   a - Recall                         Summoning/Translocation      3
   b - Animate Dead                   Necromancy                   4
   c - Control Undead                 Necromancy                   4
   d - Cigotuvi's Embrace             Necromancy                   5
   e - Death Channel                  Necromancy                   6
   f - Simulacrum                     Ice/Necromancy               6
Comestibles
 f - 20 bread rations
 j - 22 fruits
 n - 11 meat rations
 s - 16 royal jellies


   Skills:
 + Level 15.6(14.0) Fighting
   Level 8.5(7.1) Long Blades
 + Level 11.7(13.6) Axes
 + Level 16.0(15.6) Maces & Flails
 + Level 5.7(4.4) Throwing
 + Level 14.3(12.7) Armour
 + Level 12.0(10.5) Dodging
 + Level 7.0(5.6) Stealth
 - Level 15.0(13.3) Shields
 + Level 15.6(13.9) Spellcasting
 + Level 9.6(8.1) Conjurations
 + Level 9.0(7.6) Charms
 + Level 4.5(3.3) Summonings
 + Level 10.0(8.6) Necromancy
 + Level 0.4(0.0) Translocations
 + Level 11.2(9.7) Ice Magic
 * Level 1.5(0.4) Air Magic
 + Level 9.6(8.2) Invocations
 + Level 6.0(4.7) Evocations


You had 4 spell levels left.
You knew the following spells:

 Your Spells              Type           Power        Failure   Level  Hunger
a - Regeneration          Chrm/Necr      #####.....   1%          3    None
b - Throw Frost           Conj/Ice       #####.       1%          2    None
c - Throw Icicle          Conj/Ice       #####...     1%          4    None
d - Freezing Cloud        Conj/Ice/Air   #####.....   58%         6    #####..
e - Force Lance           Conj/Tloc      ####....     10%         4    None
f - Summon Ice Beast      Ice/Summ       #####...     3%          4    None
g - Animate Dead          Necr           N/A          1%          4    None
h - Iskenderun's Battles  Conj/Chrm      #####...     5%          5    ##.....
i - Bolt of Fire          Conj/Fire      ####......   86%         6    #####..
j - Aura of Abjuration    Summ           ####......   38%         5    ##.....
k - Deflect Missiles      Chrm/Air       ####......   86%         6    #####..


Dungeon Overview and Level Annotations

Branches:
Dungeon (15/15)            Temple (0/1) D:5            Lair (6/6) D:10
 Shoals (4/4) Lair:4       Spider (4/4) Lair:4        Slime (0/5) Lair:6
    Orc (2/2) D:11            Elf (3/3) Orc:2        Vaults (3/5) D:14
  Crypt (0/3) Vaults:2     Depths (0/5) D:15

Altars:
Ashenzari
Cheibriados
Dithmenos
Elyvilon
Hepliaklqana
Kikubaaqudgha
Makhleb
Nemelex Xobeh
Uskayaw
Vehumet
Jiyva

Shops:
D:6 [   D:11 :   D:13 (   Orc:2 :*:   Elf:3 =}}   Vaults:1 (

Portals:
Trove: D:10 (give 14 scrolls of teleportation)

Annotations:
Elf:3 Nattefrost's ghost, veteran MfBe


Innate Abilities, Weirdness & Mutations

Shadows flee at your approach. (+LOS)
You can swim through water.
You cover ground slowly.
You can hop longer distances.
You have a pair of small horns on your head.
You have sharp toenails.
Your mind is acute. (Int +2)
Your flesh is cold resistant. (rC+)
Your body often deteriorates upon taking damage.
You have an increased reservoir of magic. (+10% MP)
You are somewhat resistant to further mutation.
Your spells are a little easier to cast, but a little less powerful.


Message History

Your ice beast hits Nattefrost's ghost but does no damage.
You hit Nattefrost's ghost but do no damage.
Nattefrost's ghost is almost destroyed.
Nattefrost's ghost hits you.
* * * LOW HITPOINT WARNING * * *
Nattefrost's ghost burns you.
* * * LOW HITPOINT WARNING * * *
Your ice beast completely misses Nattefrost's ghost.
Your deep elf mage zombie hits Nattefrost's ghost but does no damage.
You hit Nattefrost's ghost but do no damage.
Your headbutt misses Nattefrost's ghost.
Nattefrost's ghost is almost destroyed.
Nattefrost's ghost barely misses you.
You completely miss Nattefrost's ghost.
You headbutt Nattefrost's ghost, but do no damage.
Nattefrost's ghost is almost destroyed.
Your ice beast misses Nattefrost's ghost.
Your deep elf mage zombie closely misses Nattefrost's ghost.
Nattefrost's ghost hits you!!!
You die...

.................................
#####'#######'######...##########
...................#...####
...........(.......#...##.###
..............)....'...##...###
................(((#...##.....###
........../........#...##.#.....#
...................#...##..##..).
...............W@..#...##..####..
..............YZ...#...##....###.
######'#######'#####...##.....##.
.......)...............##......#.
.....".................##.......[
.......................*#........
#######'######'#####...*#........
.................,,*,..*##....[[.
.....).............*,,.* ##......


You could see Nattefrost's ghost, a friendly ice beast and a friendly deep elf
mage zombie.

Vanquished Creatures
  The ghost of Thomus the Axe Maniac, an adept MiBe of Trog (Elf:2)
  Arachne (Spider:4)
  A Hell Sentinel (Abyss:3)
  Rupert (Lair:4)
  Asterion (Spider:4)
  3 deep elf blademasters
  A moon troll (WizLab)
  2 deep elf master archers (Elf:3)
  A quicksilver dragon (WizLab)
  Polyphemus (Shoals:3)
  2 sphinxes
  Kirke (D:12)
  Gastronok (D:12)
  11 tentacled starspawn
  Agnes (Spider:4)
  2 storm dragons (Vaults:2)
  A tengu reaver (Vaults:2)
  Roxanne (Shoals:1)
  Ilsuiw (Shoals:4)
  A cacodemon (WizLab)
  6 deep elf sorcerers
  A frost giant (Vaults:3)
  6 emperor scorpions
  3 ghost moths (Spider:4)
  2 orc warlords
  4 vault wardens
  The ghost of p0werm0de the Warrior, a journeyman GrBe of Trog (Spider:1)
  6 ironheart preservers
  14 very ugly things
  4 entropy weavers
  2 war gargoyles (WizLab)
  6 deep elf demonologists
  6 stone giants
  2 lorocyprocas (Abyss:2)
  8 deep elf annihilators
  2 spark wasps
  10 deep elf death magi
  The ghost of Terandir the Thaumaturge, a journeyman DEEE of Sif Muna (Lair:6)
  Snorg (Lair:4)
  5 yaktaur captains
  3 crystal guardians
  A fire dragon (Vaults:2)
  2 merfolk javelineers (Shoals:4)
  12 merfolk impalers
  4 deep elf high priests
  3 minotaurs
  4 vault guards
  7 ogre magi
  The ghost of Gremour the Carver, a journeyman DrMo of Okawaru (D:10)
  8 great orbs of eyes
  Josephine (Lair:6)
  6 hydras
  3 merfolk avatars
  2 ice dragons
  4 rakshasas
  6 centaur warriors
  3 catoblepae
  3 death knights
  A queen ant (shapeshifter) (Elf:2)
  30 two-headed ogres
  A satyr (Shoals:3)
  7 death yaks
  2 tengu warriors (D:15)
  7 merfolk aquamancers (Shoals:4)
  A thrashing horror (Abyss:2)
  28 dancing weapons
  A shock serpent (shapeshifter) (Elf:3)
  The ghost of wnhky the Covert, a journeyman SpEn of Dithmenos (D:11)
  Sonja (D:12)
  25 deep elf knights
  3 wretched stars
  2 shadow wraiths (Vaults:1)
  A spatial maelstrom (Abyss:3)
  A flayed ghost (Abyss:3)
  An orange crystal statue (WizLab)
  2 deep trolls (Orc:2)
  A swamp dragon (Abyss:3)
  5 glowing orange brains (WizLab)
  10 sea snakes
  5 unseen horrors
  3 wizards
  22 harpies
  8 ironbrand convokers
  5 orb spiders
  14 deep elf archers
  11 manticores
  11 orc knights
  8 orc sorcerers
  A worldbinder (Abyss:3)
  63 deep elf magi
  27 wolf spiders
  2 moths of wrath
  63 ugly things
  8 cyclopes
  13 fauns
  10 merfolk sirens
  3 ice statues (IceCv)
  A smoke demon (Abyss:2)
  5 black mambas
  9 water nymphs
  3 centaur zombies
  7 eyes of devastation (WizLab)
  4 elephants
  2 torpor snails
  6 vault sentinels
  4 gargoyles
  6 rime drakes
  6 komodo dragons
  A spiny frog (shapeshifter) (Vaults:2)
  A komodo dragon (shapeshifter) (D:14)
  5 freezing wraiths
  3 kobold demonologists
  24 spiny frogs
  11 demonic crawlers
  21 yaktaurs
  14 jumping spiders
  A tengu conjurer (D:15)
  3 tyrant leeches (Lair:6)
  18 trolls
  5 wind drakes
  37 merfolk
  18 hippogriffs
  A tyrant leech (shapeshifter) (Vaults:3)
  13 hornets
  27 blink frogs (Lair:6)
  A wolf spider simulacrum (Abyss:3)
  6 snapping turtles
  3 raiju (Abyss:2)
  18 dream sheep
  9 slime creatures
  An ettin skeleton (Abyss:2)
  51 redbacks
  4 air elementals
  A spriggan (Lair:2)
  8 wraiths
  23 tarantellas
  4 ynoxinuls (Abyss:2)
  13 water elementals
  7 wyverns
  8 hungry ghosts
  2 vampires
  2 steam dragons
  54 yaks
  5 golden eyes (WizLab)
  2 hogs (D:12)
  16 basilisks
  2 chaos spawn
  5 small abominations
  3 neqoxecs
  2 fire elementals
  12 vampire mosquitoes
  A human simulacrum (Vaults:3)
  Edmund (D:5)
  7 large abominations
  6 wargs
  A soldier ant (D:11)
  3 acid dragons
  9 porcupines
  14 water moccasins
  Duvessa (D:5)
  4 sky beasts
  38 orc warriors
  3 black bears
  12 ice beasts
  42 ogres
  4 eyes of draining
  4 phantoms
  A black bear (shapeshifter) (Vaults:1)
  4 boggarts (Vaults:3)
  20 centaurs
  11 wolves
  A centaur (shapeshifter) (D:15)
  13 crocodiles
  12 big kobolds
  35 bullfrogs
  4 earth elementals
  2 wyvern zombies
  11 gnoll sergeants
  Dowan (D:5)
  2 wyvern skeletons
  6 scorpions
  13 killer bees
  5 howler monkeys
  8 wights
  A lava snake (D:11)
  8 electric eels
  7 crimson imps
  4 bullfrog zombies
  3 starcursed masses
  6 jellies
  3 quasits
  4 hounds
  7 bullfrog skeletons
  6 gnoll shamans (Bailey)
  18 orc priests
  7 centaur skeletons
  4 iguanas
  Ijyb (D:5)
  36 orc wizards
  9 worker ants
  2 hound zombies
  A hound skeleton (D:6)
  24 gnolls
  A howler monkey zombie (D:5)
  9 adders
  3 shadow imps
  12 white imps (Lair:5)
  An ooze (D:2)
  2 adder zombies
  An adder skeleton (D:5)
  2 worms
  2 dart slugs (D:1)
  6 leopard geckos
  127 orcs
  12 bats
  A bat zombie (D:5)
  2 giant cockroaches
  9 goblins
  7 hobgoblins
  10 jackals
  7 quokkas
  5 frilled lizards
  14 kobolds
  A leopard gecko skeleton (D:4)
  5 rats
  A rat zombie (D:5)
  A demonic plant (WizLab)
  A plant (Lair:5)
  9 starspawn tentacles
1825 creatures vanquished.

Vanquished Creatures (collateral kills)
  Donald (Shoals:2)
  A deep elf sorcerer (Elf:3)
  An emperor scorpion (Spider:1)
  2 ironheart preservers
  2 stone giants
  A merfolk javelineer (Shoals:4)
  A starcursed mass (WizLab)
  2 yaktaur captains (Vaults:2)
  An alligator snapping turtle (Shoals:4)
  A centaur warrior (Vaults:3)
  An ogre mage (Vaults:2)
  A merfolk avatar (Shoals:3)
  A satyr (Shoals:4)
  4 two-headed ogres (Vaults:2)
  Urug (D:15)
  4 deep elf knights
  A fire crab (shapeshifter) (Vaults:3)
  2 wizards (Vaults:1)
  3 orc knights
  2 harpies (Shoals:4)
  7 wolf spiders
  A deep elf archer (Elf:3)
  12 orb spiders
  2 deep elf magi
  3 cyclopes
  4 fauns (Shoals:1)
  A moth of wrath (Spider:4)
  An eye of devastation (WizLab)
  A water nymph (Shoals:4)
  A vault sentinel (Vaults:2)
  3 merfolk sirens
  2 yaktaurs
  2 freezing wraiths
  A demonic crawler (Spider:4)
  20 jumping spiders
  11 merfolk
  2 hornets (Spider:4)
  3 wind drakes
  2 snapping turtles
  2 water elementals
  29 redbacks
  A fire elemental (Elf:1)
  9 tarantellas
  A wraith (Vaults:1)
  A basilisk (shapeshifter) (Vaults:3)
  A basilisk (D:15)
  2 golden eyes (WizLab)
  A neqoxec (WizLab)
  A warg (Vaults:1)
  2 orc warriors
  2 centaurs
  A killer bee (D:14)
  An electric eel (Spider:3)
  An orc priest (Vaults:2)
  An orc wizard (Vaults:3)
  3 orcs
  2 plants (Shoals:4)
  A starspawn tentacle (WizLab)
174 creatures vanquished.

Vanquished Creatures (others)
  A fire giant (Vaults:3)
  A merfolk impaler (Shoals:4)
  A two-headed ogre (Vaults:2)
  A hell hog (Abyss:2)
  A wizard (D:14)
  A deep elf mage (Elf:2)
  A dream sheep (D:12)
  A tarantella (Spider:4)
  A human (D:12)
  An orc warrior (Orc:1)
  A crocodile (Lair:6)
  A howler monkey (D:12)
  A quokka (D:7)
  2 demonic plants (WizLab)
  11 fungi
  A lurking horror (Abyss:2)
  50 plants
  25 starspawn tentacles
102 creatures vanquished.

Grand Total: 2101 creatures vanquished

Notes
Turn   | Place    | Note
-------+----------+-------------------------------------------
     0 | D:1      | dvd the Barachi Fighter began the quest for the Orb.
     0 | D:1      | Reached XP level 1. HP: 18/18 MP: 1/1
    47 | D:1      | Reached XP level 2. HP: 24/25 MP: 2/2
   605 | D:1      | Reached XP level 3. HP: 30/30 MP: 3/3
   867 | D:2      | Noticed a hand axe
   868 | D:2      | Noticed a hand axe
   940 | D:2      | Reached XP level 4. HP: 32/37 MP: 4/4
  1139 | D:2      | Found a hide-covered altar of Uskayaw.
  1714 | D:3      | Reached XP level 5. HP: 37/42 MP: 5/5
  1900 | D:4      | Reached skill level 1 in Dodging
  2028 | D:4      | Reached XP level 6. HP: 41/49 MP: 6/6
  2042 | D:4      | Found a shadowy altar of Dithmenos.
  2045 | D:4      | Found a burning altar of Makhleb.
  2046 | D:4      | Found a snail-covered altar of Cheibriados.
  2051 | D:4      | Became a worshipper of Cheibriados the Contemplative
  2313 | D:5      | Entered Level 5 of the Dungeon
  2313 | D:5      | Found a staircase to the Ecumenical Temple.
  2371 | D:5      | Reached skill level 5 in Long Blades
  2371 | D:5      | Reached skill level 5 in Armour
  2415 | D:5      | Found a shattered altar of Ashenzari.
  2498 | D:5      | Found a radiant altar of Vehumet.
  2586 | D:5      | Reached skill level 5 in Shields
  2589 | D:5      | Found an ancient bone altar of Kikubaaqudgha.
  2676 | D:5      | Noticed Duvessa
  2676 | D:5      | Noticed Dowan
  2695 | D:5      | Killed Duvessa
  2695 | D:5      | Reached skill level 5 in Fighting
  2695 | D:5      | Reached XP level 7. HP: 28/56 MP: 3/7
  2706 | D:5      | Killed Dowan
  3028 | D:5      | Noticed Edmund
  3062 | D:5      | Killed Edmund
  3258 | D:5      | Noticed Ijyb
  3263 | D:5      | Killed Ijyb
  3285 | D:5      | Got a brightly glowing platinum ring
  3287 | D:5      | Identified the ring "Nafaofan" {Int+3 Dex+3} (You found it on level 5 of the Dungeon)
  3469 | D:5      | Reached XP level 8. HP: 58/63 MP: 8/8
  3784 | D:6      | Reached skill level 1 in Maces & Flails
  3784 | D:6      | Reached skill level 1 in Invocations
  3832 | D:6      | Reached skill level 2 in Maces & Flails
  3838 | D:6      | Reached * piety under Cheibriados
  3856 | D:6      | Learned a level 1 spell: Pain
  3901 | D:6      | Reached skill level 3 in Maces & Flails
  4239 | D:6      | Found Gaunleys's Antique Armour Boutique.
  4246 | D:6      | Bought a pair of runed boots for 225 gold pieces
  4253 | D:6      | Reached skill level 4 in Maces & Flails
  4337 | D:7      | Reached ** piety under Cheibriados
  4337 | D:7      | Reached XP level 9. HP: 58/69 MP: 9/9
  4386 | D:7      | Reached skill level 5 in Maces & Flails
  4579 | D:7      | Found a white marble altar of Elyvilon.
  4594 | D:7      | Noticed a troll
  4594 | D:7      | Noticed a two-headed ogre
  4853 | D:7      | Killed a two-headed ogre
  4853 | D:7      | Reached skill level 6 in Maces & Flails
  5064 | D:7      | Learned a level 3 spell: Regeneration
  5182 | D:7      | Found a hazy altar of Hepliaklqana.
  5196 | D:7      | Killed a troll
  5196 | D:7      | Reached skill level 7 in Maces & Flails
  5196 | D:7      | Reached skill level 1 in Stealth
  5196 | D:7      | Reached skill level 1 in Charms
  5497 | D:8      | Found a flagged portal.
  5503 | Bailey   | Entered a bailey
  5513 | Bailey   | Reached skill level 1 in Throwing
  5606 | Bailey   | Reached *** piety under Cheibriados
  5606 | Bailey   | Reached XP level 10. HP: 49/77 MP: 8/11
  5766 | Bailey   | Got a bone arbalest
  6108 | D:8      | Reached **** piety under Cheibriados
  6351 | D:8      | Reached skill level 8 in Maces & Flails
  6351 | D:8      | Reached skill level 1 in Spellcasting
  6880 | D:9      | Noticed a two-headed ogre
  6885 | D:9      | Killed a two-headed ogre
  7572 | D:9      | Reached XP level 11. HP: 84/84 MP: 15/15
  7637 | D:9      | Gained mutation: You are agile. (Dex +2) [mutagenic meat]
  7638 | D:9      | Gained mutation: You are robust. (+10% HP) [mutagenic meat]
  7639 | D:9      | Gained mutation: You are resistant to hostile enchantments. (MR+) [mutagenic meat]
  7881 | D:10     | Entered Level 10 of the Dungeon
  8132 | D:10     | Noticed a two-headed ogre
  8141 | D:10     | Killed a two-headed ogre
  8141 | D:10     | Reached skill level 9 in Maces & Flails
  8153 | D:10     | Found a staircase to the Lair.
  8220 | D:10     | Noticed Gremour's ghost (journeyman DrMo)
  8253 | D:10     | Reached ***** piety under Cheibriados
  8261 | D:10     | Reached skill level 5 in Charms
  8264 | D:10     | Killed Gremour's ghost
  8424 | D:10     | Found a hide-covered altar of Uskayaw.
  8715 | D:10     | Found a portal to a secret trove of treasure.
  8728 | D:10     | Identified the +4 arbalest of the Ring {venom, rN+ MP-9 SInv} (You took it off a gnoll sergeant in a bailey)
  8984 | D:11     | Noticed wnhky's ghost (journeyman SpEn)
  8995 | D:11     | Killed wnhky's ghost
  8995 | D:11     | Reached skill level 5 in Dodging
  9094 | D:11     | Found Homiset's Book Shoppe.
  9114 | D:11     | Found a labyrinth entrance.
  9153 | Lab      | Entered a labyrinth
  9728 | Lab      | Noticed a minotaur
  9736 | Lab      | Killed a minotaur
  9736 | Lab      | Reached skill level 10 in Maces & Flails
  9738 | Lab      | Got an ancient brass ring
  9766 | Lab      | Identified the ring "Puasko" {+Blink rF+ Int+2 Dex+3} (You took it off a minotaur in a labyrinth)
  9816 | D:11     | Reached XP level 12. HP: 98/101 MP: 17/17
  9883 | D:11     | Learned a level 2 spell: Throw Frost
 10102 | D:11     | Reached skill level 1 in Ice Magic
 10176 | D:11     | Reached ****** piety under Cheibriados
 10213 | D:11     | Reached skill level 1 in Conjurations
 10339 | D:11     | Found a staircase to the Orcish Mines.
 10603 | Lair:1   | Entered Level 1 of the Lair of Beasts
 10755 | Lair:1   | Found a white marble altar of Elyvilon.
 10806 | Lair:1   | Learned a level 4 spell: Throw Icicle
 10849 | Lair:1   | Reached skill level 5 in Spellcasting
 10981 | Lair:1   | Reached skill level 5 in Invocations
 11188 | Lair:1   | Reached skill level 10 in Shields
 11490 | Lair:2   | Reached skill level 10 in Armour
 11639 | Lair:2   | Gained mutation: You can hop longer distances. [Barachi growth]
 11639 | Lair:2   | Reached XP level 13. HP: 110/110 MP: 17/20
 11693 | Lair:2   | Reached skill level 11 in Maces & Flails
 12030 | Lair:2   | Reached skill level 1 in Evocations
 12495 | Lair:3   | Reached skill level 1 in Necromancy
 13050 | Lair:4   | Noticed Rupert
 13082 | Lair:4   | Killed Rupert
 13324 | Lair:4   | Found a hole to the Spider Nest.
 13441 | Lair:4   | Found a staircase to the Shoals.
 13537 | Lair:4   | Noticed Snorg
 13552 | Lair:4   | Killed Snorg
 13869 | Lair:5   | Reached XP level 14. HP: 118/118 MP: 17/23
 13978 | Lair:5   | Found a frozen archway.
 13990 | IceCv    | Entered an ice cave
 14048 | IceCv    | Got a dazzling leather armour
 14211 | Lair:5   | Identified the +3 leather armour of Beyond {+Fly MP+9} (You found it in an ice cave)
 14226 | Lair:5   | Got an ichor-stained mace
 14227 | Lair:5   | Identified the +3 mace "Evys" {speed, Stlth+} (You found it on level 5 of the Lair of Beasts)
 14613 | Lair:6   | Entered Level 6 of the Lair of Beasts
 14616 | Lair:6   | Reached skill level 10 in Fighting
 14617 | Lair:6   | Reached skill level 12 in Maces & Flails
 14782 | Lair:6   | Found a viscous altar of Jiyva.
 14782 | Lair:6   | Found a staircase to the Slime Pits.
 14882 | Lair:6   | Reached skill level 5 in Ice Magic
 15208 | Lair:6   | Noticed Terandir's ghost (journeyman DEEE)
 15247 | Lair:6   | Noticed Josephine
 15254 | Lair:6   | Killed Josephine
 15266 | Lair:6   | Reached XP level 15. HP: 106/128 MP: 21/25
 15279 | Lair:6   | Killed Terandir's ghost
 15597 | Lair:6   | Learned a level 6 spell: Freezing Cloud
 15990 | D:12     | Reached skill level 5 in Conjurations
 16002 | D:12     | Reached skill level 13 in Maces & Flails
 16117 | D:12     | Lost mutation: You are robust. (+10% HP) [potion of mutation]
 16117 | D:12     | Lost mutation: You are agile. (Dex +2) [potion of mutation]
 16117 | D:12     | Lost mutation: You are resistant to hostile enchantments. (MR+) [potion of mutation]
 16117 | D:12     | Gained mutation: Your body sometimes deteriorates upon taking damage. [potion of mutation]
 16117 | D:12     | Gained mutation: You are resistant to hostile enchantments. (MR+) [potion of mutation]
 16120 | D:12     | Lost mutation: Your body sometimes deteriorates upon taking damage. [potion of mutation]
 16120 | D:12     | Lost mutation: You are resistant to hostile enchantments. (MR+) [potion of mutation]
 16120 | D:12     | Gained mutation: You can translocate small distances at will. [potion of mutation]
 16120 | D:12     | Gained mutation: You have sharp toenails. [potion of mutation]
 16167 | D:12     | Noticed Gastronok
 16206 | D:12     | Killed Gastronok
 16255 | D:12     | Paralysed by a great orb of eyes for 5 turns
 16409 | D:12     | Noticed Kirke
 16421 | D:12     | Killed Kirke
 16827 | D:12     | Noticed Sonja
 16853 | D:12     | Killed Sonja
 17005 | D:13     | Found Benlash's Antique Weapon Shop.
 17405 | D:13     | Learned a level 4 spell: Force Lance
 17521 | D:13     | Reached skill level 14 in Maces & Flails
 17557 | D:13     | Reached XP level 16. HP: 126/126 MP: 25/27
 17642 | D:13     | Bought a blackened morningstar for 180 gold pieces
 17642 | D:13     | Identified the cursed +1 morningstar of No More Talking {freeze, SInv} (You bought it in a shop on level 13 of the Dungeon)
 17745 | D:13     | Found a sparkling altar of Nemelex Xobeh.
 18189 | D:14     | Got a smoking buckler
 18200 | D:14     | Identified the cursed -1 buckler of Xyom {rN+ Str+3 Int+2} (You took it off an orc wizard on level 14 of the Dungeon)
 18323 | D:14     | Found a gate to the Vaults.
 18478 | D:15     | Entered Level 15 of the Dungeon
 19321 | Orc:1    | Entered Level 1 of the Orcish Mines
 19418 | Orc:2    | Entered Level 2 of the Orcish Mines
 19572 | Orc:2    | Found a staircase to the Elven Halls.
 20265 | Orc:2    | Found Jeitub's Book Boutique.
 20269 | Orc:2    | Found Ceitsynga's Assorted Antiques.
 20324 | Orc:2    | Found Hozets's Antique Armour Emporium.
 20357 | Orc:2    | Found Agoz's Book Boutique.
 20912 | D:14     | Reached XP level 17. HP: 133/133 MP: 29/29
 20916 | D:14     | Reached skill level 15 in Shields
 20972 | D:14     | Learned a level 4 spell: Summon Ice Beast
 20977 | D:14     | Learned a level 4 spell: Animate Dead
 21052 | D:14     | Gained mutation: You have an increased reservoir of magic. (+10% MP) [mutagenic meat]
 21053 | D:14     | Gained mutation: Your mind is acute. (Int +2) [mutagenic meat]
 21054 | D:14     | Lost mutation: You can translocate small distances at will. [mutagenic meat]
 21055 | D:14     | Gained mutation: Your spells are a little easier to cast, but a little less powerful. [mutagenic meat]
 21056 | D:14     | Gained mutation: Your flesh is cold resistant. (rC+) [mutagenic meat]
 21057 | D:14     | Gained mutation: Your body sometimes deteriorates upon taking damage. [mutagenic meat]
 21059 | D:14     | Gained mutation: You have a pair of small horns on your head. [mutagenic meat]
 21060 | D:14     | Gained mutation: You are somewhat resistant to further mutation. [mutagenic meat]
 21803 | D:15     | Noticed Urug
 21836 | D:15     | Killed Urug
 22021 | D:15     | Reached skill level 1 in Axes
 22154 | D:15     | Found a staircase to the Depths.
 22403 | D:15     | Learned a level 5 spell: Iskenderun's Battlesphere
 22654 | Shoals:1 | Entered Level 1 of the Shoals
 22846 | Shoals:1 | Reached skill level 5 in Evocations
 22933 | Shoals:1 | Got a transparent leather armour
 22944 | Shoals:1 | Identified the +1 leather armour of Conscience {rElec rC+} (You found it on level 1 of the Shoals)
 23068 | Shoals:1 | Noticed Roxanne
 23211 | Shoals:1 | Killed Roxanne
 23914 | Shoals:2 | Reached skill level 1 in Summonings
 24015 | Shoals:2 | Noticed Donald
 24022 | Shoals:2 | Killed Donald
 24384 | Shoals:2 | Reached skill level 10 in Spellcasting
 25255 | Shoals:3 | Noticed Polyphemus
 25346 | Shoals:3 | Reached XP level 18. HP: 141/141 MP: 10/35
 25489 | Shoals:3 | Killed Polyphemus
 25776 | Shoals:4 | Entered Level 4 of the Shoals
 26257 | Shoals:4 | Identified the +5 scale mail of the Invisible Hand {+Inv rPois Str+2 Dex-4} (You found it on level 4 of the Shoals)
 26334 | Shoals:4 | Identified the Almanac of Shape Shifting
 26352 | Shoals:4 | Identified the +6 scale mail of Inquiry {Stlth+} (You found it on level 4 of the Shoals)
 26763 | Shoals:4 | Noticed Ilsuiw
 26891 | Shoals:4 | Killed Ilsuiw
 26906 | Shoals:4 | Reached skill level 15 in Maces & Flails
 27136 | Shoals:4 | Got a barnacled rune of Zot
 27585 | Spider:1 | Entered Level 1 of the Spider Nest
 27591 | Spider:1 | Noticed p0werm0de's ghost (journeyman GrBe)
 27601 | Spider:1 | Killed p0werm0de's ghost
 27825 | Spider:1 | Reached XP level 19. HP: 148/148 MP: 35/38
 28145 | Spider:2 | Reached skill level 5 in Necromancy
 28962 | Spider:3 | Identified a scroll of acquirement
 28963 | Spider:3 | Got a twisted shield
 28974 | Spider:3 | Identified the +0 shield of Seirew {rElec rF- Dex+6} (You acquired it on level 3 of the Spider Nest)
 29362 | Spider:4 | Entered Level 4 of the Spider Nest
 29670 | Spider:4 | Noticed Arachne
 29670 | Spider:4 | Noticed Agnes
 29680 | Spider:4 | Noticed Asterion
 29682 | Spider:4 | Killed Arachne
 29684 | Spider:4 | Killed Agnes
 29688 | Spider:4 | Killed Asterion
 30043 | Spider:4 | Reached skill level 10 in Dodging
 30229 | Spider:4 | Got a gossamer rune of Zot
 30823 | Vaults:1 | Entered Level 1 of the Vaults
 30857 | Vaults:1 | Reached XP level 20. HP: 121/156 MP: 22/41
 30957 | Vaults:1 | Reached skill level 10 in Ice Magic
 31796 | Vaults:1 | Found Ezyqeoc's Antique Weapon Boutique.
 32904 | Vaults:2 | Found a staircase to the Crypt.
 33483 | Vaults:2 | Reached skill level 5 in Stealth
 33976 | Vaults:2 | Reached XP level 21. HP: 129/164 MP: 40/43
 34232 | Vaults:2 | Found a snail-covered altar of Cheibriados.
 35245 | Vaults:3 | Paralysed by an ogre mage for 4 turns
 35252 | Vaults:3 | Reached skill level 5 in Axes
 35701 | Vaults:3 | Learned a level 6 spell: Bolt of Fire
 36113 | Elf:1    | Entered Level 1 of the Elven Halls
 37021 | Elf:1    | Got a slimy scale mail
 37032 | Elf:1    | Identified the +1 scale mail of a Thousand Dances {rF+ rC+ Str+4} (You found it on level 1 of the Elven Halls)
 37445 | Elf:2    | Reached XP level 22. HP: 163/173 MP: 44/44
 37559 | Elf:2    | Identified the Tome of Summoning
 37566 | Elf:2    | Learned a level 5 spell: Aura of Abjuration
 37791 | Elf:2    | Found a runed gate.
 37791 | Elf:2    | Found a runed gate.
 37797 | Elf:2    | Found a runed gate.
 37894 | Elf:2    | Noticed Thomus's ghost (adept MiBe)
 37921 | Elf:2    | Killed Thomus's ghost
 37921 | Elf:2    | Reached skill level 5 in Throwing
 38280 | Elf:2    | Reached skill level 15 in Spellcasting
 38594 | Elf:3    | Entered Level 3 of the Elven Halls
 38598 | Elf:3    | Found Fonge's Gadget Emporium.
 38599 | Elf:3    | Found Soom's Jewellery Shop.
 38601 | Elf:3    | Found Jyth's Gadget Emporium.
 38686 | Elf:3    | Found a magical portal.
 38702 | WizLab   | Entered Lehudib's Moon Base
 39309 | WizLab   | Reached skill level 10 in Axes
 39312 | WizLab   | Found a transporter.
 39509 | WizLab   | Paralysed by a great orb of eyes for 6 turns
 39903 | WizLab   | Found a transporter.
 39922 | WizLab   | Got a scorched chain mail
 39933 | WizLab   | Identified the cursed +0 chain mail of the Vaults {Str+3} (You found it in a wizard's laboratory)
 39970 | WizLab   | Got a crude battleaxe
 39971 | WizLab   | Identified the cursed +2 battleaxe of Luag {drain, +Fly rF+ Int+4} (You found it in a wizard's laboratory)
 40142 | Elf:3    | Reached skill level 15 in Fighting
 40144 | Elf:3    | Cast into level 2 of the Abyss (a deep elf sorcerer)
 40144 | Abyss:2  | Found a corrupted altar of Lugonu.
 40152 | Abyss:2  | Noticed an ancient lich
 40260 | Abyss:2  | Reached XP level 23. HP: 133/181 MP: 46/46
 40262 | Abyss:2  | Gained mutation: Your body often deteriorates upon taking damage. [a neqoxec]
 40662 | Elf:3    | Escaped the Abyss
 40678 | Elf:3    | Cast into level 3 of the Abyss (a deep elf sorcerer)
 41011 | Elf:3    | Escaped the Abyss
 41016 | Elf:3    | Reached skill level 16 in Maces & Flails
 41151 | Elf:3    | HP: 4/182 [deep elf death mage/bolt of negative energy (43)]
 41403 | Elf:3    | Identified the Catalogue of the Entourage
 41418 | Elf:3    | Identified the Volume of Calling and Feathers
 41434 | Elf:3    | Got a brightly glowing steel ring
 41436 | Elf:3    | Identified the ring "Cul Nenaxa" {+Inv rN+ Str+6} (You found it on level 3 of the Elven Halls)
 41448 | Elf:3    | Identified Kacod's Almanac of Creative Good Luck
 41455 | Elf:3    | Got a warped war axe
 41456 | Elf:3    | Identified the +0 war axe "Qeecomm" {drain, rN+ MR+ Dex+4} (You found it on level 3 of the Elven Halls)
 41468 | Elf:3    | Learned a level 6 spell: Deflect Missiles
 41468 | Elf:3    | Identified the Reference Book on the Traveller
 41476 | Elf:3    | Identified the cursed +0 leather armour of Tepsomma {Int+2} (You found it on level 3 of the Elven Halls)
 41493 | Elf:3    | Got an ancient great sword
 41494 | Elf:3    | Identified the +6 great sword of Equilibrium {speed, +Rage rF+ rN+ Stlth+} (You found it on level 3 of the Elven Halls)
 41728 | Elf:3    | Reached skill level 1 in Air Magic
 41825 | Elf:3    | Reached skill level 10 in Necromancy
 41913 | Elf:3    | Noticed Nattefrost's ghost (veteran MfBe)
 41983 | Elf:3    | Slain by Nattefrost's ghost

Skill      XL: |  1  2  3  4  5  6  7  8  9 10 11 12 13 14 15 16 17 18 19 20 21 22 23 |
---------------+----------------------------------------------------------------------+-----
Armour         | 4 5 6 7 8 9 10 11 12 13 14 | 14.3
Fighting       | 4 5 6 7 8 9 10 11 12 13 14 15 | 15.6
Long Blades    | 3 4 5 6 7 8 |  8.5
Shields        | 4 5 6 7 8 9 10 11 12 13 14 15 | 15.0
Dodging        | 1 2 4 5 6 7 8 9 10 11 12 | 12.0
Maces & Flails | 4 7 8 10 11 12 14 15 16 | 16.0
Invocations    | 1 3 5 6 7 8 9 |  9.6
Stealth        | 1 2 3 4 5 6 7 |  7.0
Charms         | 2 4 5 6 7 8 9 |  9.0
Throwing       | 1 2 3 4 5 |  5.7
Spellcasting   | 2 3 5 6 7 8 10 12 13 14 15 | 15.6
Ice Magic      | 2 4 5 6 8 9 10 11 | 11.2
Conjurations   | 3 4 5 6 7 8 9 |  9.6
Evocations     | 1 2 6 |  6.0
Necromancy     | 1 2 3 4 6 8 9 10 | 10.0
Axes           | 2 3 7 11 | 11.7
Summonings     | 1 2 3 4 |  4.5
Air Magic      | 1 |  1.5
Translocations | |  0.4

Action                   |  1- 3 |  4- 6 |  7- 9 | 10-12 | 13-15 | 16-18 | 19-21 | 22-24 || total
-------------------------+-------+-------+-------+-------+-------+-------+-------+-------++-------
Melee: Long sword        |    99 |   228 |    46 |       |       |   157 |       |       ||   530
       Flail             |       |       |   217 |   543 |   881 |   898 |   752 |   369 ||  3660
       Headbutt          |       |       |       |       |       |   221 |   379 |   236 ||   836
       War axe           |       |       |       |       |       |    47 |   193 |   233 ||   473
       Demon blade       |       |       |       |       |       |       |    92 |       ||    92
Throw: Tomahawk          |       |       |    12 |    70 |     7 |    24 |       |       ||   113
       Javelin           |       |       |       |       |       |       |    35 |    59 ||    94
 Cast: Regeneration      |       |       |       |     7 |    23 |    47 |    58 |    44 ||   179
       Throw Frost       |       |       |       |    68 |   156 |   187 |    62 |     5 ||   478
       Throw Icicle      |       |       |       |       |    12 |   119 |    64 |    15 ||   210
       Animate Dead      |       |       |       |       |       |    49 |   112 |    23 ||   184
       Iskenderun's Batt |       |       |       |       |       |    31 |     8 |       ||    39
       Summon Ice Beast  |       |       |       |       |       |    25 |    29 |     6 ||    60
       Force Lance       |       |       |       |       |       |     8 |     5 |       ||    13
       Freezing Cloud    |       |       |       |       |       |       |     1 |       ||     1
       Aura of Abjuratio |       |       |       |       |       |       |       |     3 ||     3
       Deflect Missiles  |       |       |       |       |       |       |       |     1 ||     1
Invok: Bend Time         |       |     1 |     6 |       |       |       |       |       ||     7
       Temporal Distorti |       |       |       |     1 |       |       |       |       ||     1
       Slouch            |       |       |       |       |    12 |    18 |    21 |    11 ||    62
 Abil: Hop               |       |       |     2 |       |     2 |     4 |     1 |     4 ||    13
       Evoke Blink       |       |       |       |       |       |     2 |     1 |       ||     3
Evoke: Wand              |       |       |     4 |     5 |    18 |     1 |     5 |     1 ||    34
  Use: Scroll            |       |     5 |    16 |    12 |     8 |    10 |     4 |    12 ||    67
       Potion            |       |     1 |     4 |     6 |     7 |     1 |     6 |    15 ||    40
 Stab: Petrified         |       |       |       |       |     3 |     4 |       |       ||     7
       Sleeping          |       |       |       |       |     1 |     1 |     3 |     5 ||    10
       Distracted        |       |       |       |       |       |     8 |    30 |    10 ||    48
  Eat: Chunk             |     1 |     7 |     8 |    16 |    16 |    39 |    18 |     4 ||   109
       Royal jelly       |       |       |     1 |       |       |     1 |     1 |     1 ||     4
       Meat ration       |       |       |       |     3 |       |       |     1 |     2 ||     6
       Fruit             |       |       |       |       |       |     1 |       |       ||     1
Armor: Scale mail        |    46 |    74 |    93 |   231 |       |    75 |   270 |   112 ||   901
       Ice dragon scales |       |       |       |    50 |   288 |   120 |       |       ||   458
       Pearl dragon scal |       |       |       |       |       |    85 |       |       ||    85
Dodge: Dodged            |    31 |    84 |   110 |   348 |   412 |   646 |   628 |   306 ||  2565
       Deflected         |       |       |       |       |       |       |       |     2 ||     2
Block: Shield            |    68 |   147 |   182 |   543 |   840 |  1207 |  1051 |   418 ||  4456
       Buckler           |       |       |       |       |       |     1 |       |       ||     1
       Rpst.: Long sword |    13 |    32 |     3 |       |       |     4 |       |       ||    52
       Demon blade       |       |       |       |       |       |       |    13 |       ||    13
